 Dungeon Crawl Stone Soup version 0.28.0 (webtiles) character file.

Game seed: 14766064944466827456

108 Ablot the Grasshopper (level 4, 0/38 HPs)
             Began as a Gnoll Warper on Feb 17, 2022.
             Was a Follower of Elyvilon.
             Slain by Grinder (2 damage)
             ... on level 3 of the Dungeon.
             The game lasted 00:05:33 (3222 turns).

Ablot the Grasshopper (Gnoll Warper)                Turns: 3222, Time: 00:05:33

Health: 0/38       AC:  5    Str: 12    XL:     4   Next: 87%
Magic:  20/20      EV: 12    Int: 13    God:    Elyvilon [*.....]
Gold:   119        SH:  0    Dex: 11    Spells: 11/13 levels left

rFire   x . .      SeeInvis .   a - +0 spear
rCold   + . .      Faith    .   (no shield)
rNeg    . . .      Spirit   .   b - +0 leather armour
rPois   .          Reflect  .   r - +0 helmet
rElec   .          Harm     .   m - scarf {shadows}
rCorr   .          Rampage  .   q - +0 pair of gloves
Will    .....                   (no boots)
Stlth   +.........              (no amulet)
HPRegen 0.12/turn               k - ring of ice
MPRegen 0.17/turn               t - ring of magical power

@: no status effects
A: fangs 1, strong nose, distributed training
a: Renounce Religion, Purification


You were on level 3 of the Dungeon.
You worshipped Elyvilon.
Elyvilon was aware of your devotion.
You visited 1 branch of the dungeon, and saw 4 of its levels.

You collected 119 gold pieces.

Inventory:

Hand Weapons
 a - a +0 spear (weapon)
 h - a +2 hunting sling of freezing
Missiles
 d - 5 boomerangs of dispersal
 g - 41 stones
 l - 6 poisoned darts (quivered)
 o - 24 arrows
 p - 2 silver javelins
 v - 2 boomerangs
 x - 15 sling bullets
Armour
 b - a +0 leather armour (worn)
 m - a scarf of shadows (worn)
 q - a +0 pair of gloves (worn)
 r - a +0 helmet (worn)
Jewellery
 k - a ring of ice (left hand)
 t - a ring of magical power (right hand)
Wands
 w - a wand of acid (3)
Scrolls
 c - 3 scrolls of blinking
 f - 2 scrolls of identify {unknown}
 i - 2 scrolls of noise {unknown}
 n - 2 scrolls of magic mapping {unknown}
 s - a scroll of teleportation {unknown}
 u - a scroll of fog {unknown}
Potions
 e - 2 potions of curing {unknown}
 j - a potion of mutation {unknown}
 z - a potion of invisibility {unknown}


   Skills:
 + Level 4.7 Fighting
 + Level 1.2 Short Blades
 + Level 1.2 Long Blades
 + Level 1.2 Axes
 + Level 1.2 Maces & Flails
 + Level 4.7 Polearms
 + Level 1.2 Staves
 + Level 1.2 Slings
 + Level 1.2 Bows
 + Level 1.2 Crossbows
 + Level 2.8 Throwing
 + Level 2.8 Armour
 + Level 4.7 Dodging
 + Level 1.2 Stealth
 + Level 1.2 Shields
 + Level 1.2 Unarmed Combat
 + Level 5.1 Spellcasting
 + Level 1.0 Conjurations
 + Level 1.0 Hexes
 + Level 1.0 Summonings
 + Level 1.0 Necromancy
 + Level 5.5 Translocations
 + Level 1.0 Transmutations
 + Level 1.0 Fire Magic
 + Level 1.0 Ice Magic
 + Level 1.0 Air Magic
 + Level 1.0 Earth Magic
 + Level 1.0 Poison Magic
 + Level 1.4 Invocations
 + Level 1.2 Evocations


You had 11 spell levels left.
You knew the following spells:

 Your Spells              Type           Power      Damage    Failure   Level
a - Blink                 Tloc           34%        N/A       3%          2

Your spell library contained the following spells:

 Spells                   Type           Power      Damage    Failure   Level
 Gell's Gravitas          Tloc           17%        N/A       8%          3
 Lesser Beckoning         Tloc           17%        N/A       8%          3
 Teleport Other           Tloc           17%        N/A       8%          3
 Manifold Assault         Tloc           17%        N/A       56%         5


Dungeon Overview and Level Annotations

Branches:
Dungeon (4/15)
 Temple: D:4-7

Altars:
Elyvilon

Shops:
D:3 [

Annotations:
D:3 Grinder


Innate Abilities, Weirdness & Mutations

You have very sharp teeth.
Your uncanny sense of smell can sniff out nearby items.
Your experience applies equally to all skills.


Message History

You completely miss Grinder. Grinder closely misses you.
You hit Grinder but do no damage. Grinder gestures at you.
You resist with significant effort.
You hit Grinder. Your punch misses Grinder.
Grinder is lightly wounded.
Grinder barely misses you.
You hit Grinder but do no damage.
Grinder is lightly wounded.
You hit Grinder but do no damage.
Grinder is lightly wounded.
Grinder hits you but does no damage.
You hit Grinder.
Grinder is moderately wounded.
Grinder grins, showing sharp teeth.
Grinder closely misses you.
You barely miss Grinder.
Grinder is moderately wounded.
Grinder hits you but does no damage.
You hit Grinder.
Grinder is moderately wounded.
Grinder hits you!
You closely miss Grinder. You bite Grinder, but do no damage.
Grinder is moderately wounded.
Grinder gestures at you.
You barely resist. You hit Grinder but do no damage.
Grinder is moderately wounded.
Grinder hits you.
* * * LOW HITPOINT WARNING * * *
You writhe in agony.
* * * LOW HITPOINT WARNING * * *
You hit Grinder.
Grinder is moderately wounded.
You hit Grinder.
Grinder is heavily wounded.
Grinder hits you.
* * * LOW HITPOINT WARNING * * *
You writhe in agony.
You die...

#...###.##..# #
###.....###.# # #######
#.### ##### #..##
#...######.##
#..........##
#############..........##
#.#.#...#.#.#....5......#
##.#..#.@#.##.........#.#
#.#..###.5#.#.....)...#..
##..##.##..##............
#..##...##..#............
#.)......##....######....
#.÷##...##..#..##########
##).##.##..##.....†...###
#.#..###.[#.#...#+#.#.#..
##.#..#..#.###......#....


You could see Grinder.

Vanquished Creatures
  6 adders
  2 dart slugs (D:1)
  7 orcs
  4 bats
  3 endoplasms
  4 giant cockroaches
  A hobgoblin (D:2)
  3 kobolds
  A quokka (D:3)
  6 ball pythons
  2 frilled lizards
  4 goblins
  4 rats
47 creatures vanquished.

Notes
Turn   | Place    | Note
-------+----------+-------------------------------------------
     0 | D:1      | Ablot the Gnoll Warper began the quest for the Orb.
     0 | D:1      | Reached XP level 1. HP: 20/20 MP: 6/6
   460 | D:1      | Found a faded altar of an unknown god.
   605 | D:1      | Reached XP level 2. HP: 19/26 MP: 7/7
   610 | D:1      | Learned a level 2 spell: Blink
   802 | D:2      | Found a white marble altar of Elyvilon.
   880 | D:2      | Became a worshipper of Elyvilon the Healer
   927 | D:2      | Reached XP level 3. HP: 31/31 MP: 9/9
   957 | D:2      | Reached skill level 5 in Spellcasting
  1074 | D:2      | Reached skill level 1 in Invocations
  1374 | D:2      | Reached skill level 1 in Short Blades
  1374 | D:2      | Reached skill level 1 in Long Blades
  1374 | D:2      | Reached skill level 1 in Axes
  1374 | D:2      | Reached skill level 1 in Maces & Flails
  1374 | D:2      | Reached skill level 1 in Staves
  1374 | D:2      | Reached skill level 1 in Slings
  1374 | D:2      | Reached skill level 1 in Bows
  1374 | D:2      | Reached skill level 1 in Crossbows
  1374 | D:2      | Reached skill level 1 in Stealth
  1374 | D:2      | Reached skill level 1 in Shields
  1374 | D:2      | Reached skill level 1 in Unarmed Combat
  1374 | D:2      | Reached skill level 1 in Evocations
  1409 | D:2      | Reached XP level 4. HP: 32/38 MP: 11/11
  2127 | D:3      | Reached skill level 1 in Conjurations
  2127 | D:3      | Reached skill level 1 in Hexes
  2127 | D:3      | Reached skill level 1 in Summonings
  2127 | D:3      | Reached skill level 1 in Necromancy
  2127 | D:3      | Reached skill level 1 in Transmutations
  2127 | D:3      | Reached skill level 1 in Fire Magic
  2127 | D:3      | Reached skill level 1 in Ice Magic
  2127 | D:3      | Reached skill level 1 in Air Magic
  2127 | D:3      | Reached skill level 1 in Earth Magic
  2127 | D:3      | Reached skill level 1 in Poison Magic
  2253 | D:3      | Reached * piety under Elyvilon
  2254 | D:3      | Found Odycipn's Antique Armour Shop.
  2378 | D:3      | Noticed Grinder
  2391 | D:3      | Paralysed by Grinder for 6 turns
  2420 | D:3      | HP: 1/38 [Grinder/nerve-wracking pain (6)]
  2433 | D:3      | HP: 1/38 [kobold (2)]
  3197 | D:3      | Paralysed by Grinder for 2 turns
  3222 | D:3      | Slain by Grinder

Illustrated notes

Levels and vault maps discovered:
D:1:      dpeg_arrival_renting, layout_basic, chequers_ecumenical_altar_twisty
D:2:      layout_basic, basic_altar
D:3:      minmay_diamond_boxcup, layout_basic, serial_shops, shop, uniq_grinder
D:4:      layout_basic, nzn_wu_jian_contemplation, nicolae_elyvilon_temple_path,
          mainiacjoe_overflow_six_doors_small

Skill      XL: |  1  2  3  4 |
---------------+-------------+-----
Spellcasting   | 5 |  5.1
Invocations    | 1 |  1.4
Short Blades   | 1 |  1.2
Long Blades    | 1 |  1.2
Axes           | 1 |  1.2
Maces & Flails | 1 |  1.2
Staves         | 1 |  1.2
Slings         | 1 |  1.2
Bows           | 1 |  1.2
Crossbows      | 1 |  1.2
Stealth        | 1 |  1.2
Shields        | 1 |  1.2
Unarmed Combat | 1 |  1.2
Evocations     | 1 |  1.2
Conjurations   | 1 |  1.0
Hexes          | 1 |  1.0
Summonings     | 1 |  1.0
Necromancy     | 1 |  1.0
Transmutations | 1 |  1.0
Fire Magic     | 1 |  1.0
Ice Magic      | 1 |  1.0
Air Magic      | 1 |  1.0
Earth Magic    | 1 |  1.0
Poison Magic   | 1 |  1.0
Fighting       | |  4.7
Polearms       | |  4.7
Throwing       | |  2.8
Armour         | |  2.8
Dodging        | |  4.7
Translocations | |  5.5

Action                   |  1- 3 |  4- 6 || total
-------------------------+-------+-------++-------
Melee: Spear             |    86 |   161 ||   247
       Punch             |     1 |     3 ||     4
       Bite              |     6 |    13 ||    19
 Cast: Blink             |       |     5 ||     5
 Stab: Sleeping          |     2 |     4 ||     6
Armor: Leather armour    |    17 |    49 ||    66
Dodge: Dodged            |    36 |    91 ||   127
